 Dungeon Crawl Stone Soup version 0.23-a0-344-ge122d05 (webtiles) character file.

12805 Mgcat the Cleaver (level 11, -35/86 HPs)
             Began as a Demigod Fighter on Oct 19, 2018.
             Killed from afar by a storm dragon (42 damage)
             ... with a bolt of lightning
             ... on level 1 of the Lair of Beasts.
             The game lasted 00:33:38 (14004 turns).

Mgcat the Cleaver (Demigod Fighter)                Turns: 14004, Time: 00:33:39

Health: -35/86     AC: 19    Str: 28    XL:     11   Next: 40%
Magic:  14/14      EV:  8    Int: 18    God:
Gold:   342        SH: 11    Dex: 15    Spells: 10/10 levels left

rFire    . . .     SeeInvis +   l - +0 broad axe
rCold    . . .     Gourm    .   c - +0 shield
rNeg     + . .     Faith    .   k - +1 plate armour
rPois    .         Spirit   .   b - +0 helmet
rElec    .         Reflect  .   p - +2 cloak
rCorr    +         Harm     .   (no gloves)
MR       +....                  i - +0 pair of boots of the Jolly Dances {rCorr Str+4}
Stlth    ..........             (no amulet)
HPRegen  0.24/turn              h - ring of see invisible {sInv, !d}
MPRegen  0.14/turn              s - ring of positive energy {rN+}

@: mighty, hasted, very quick
A: high mp 1
a: no special abilities


You were on level 1 of the Lair of Beasts.
You were not hungry.

You visited 2 branches of the dungeon, and saw 12 of its levels.
You also visited: Bailey.

You collected 684 gold pieces.
You spent 342 gold pieces at shops.

Inventory:

Hand Weapons
 l - a +0 broad axe (weapon)
   (You took it off an orc wizard on level 7 of the Dungeon)
 w - a +4 trident
   (You took it off Harold on level 9 of the Dungeon)
 A - a +4 hand axe of chopping
   (You took it off an orc warrior on level 9 of the Dungeon)
Missiles
 v - 3 throwing nets {=f, !d}
 x - 9 tomahawks
 B - 4 javelins (quivered)
Armour
 b - a +0 helmet (worn)
   (You took it off Robin on level 3 of the Dungeon)
 c - a +0 shield (worn)
 i - the +0 pair of boots of the Jolly Dances (worn) {rCorr Str+4}
   (You bought it in a shop on level 7 of the Dungeon)

   It affects your strength (+4).
   It provides partial protection from all sources of acid and corrosion.
 k - a +1 plate armour (worn)
   (You found it on level 1 of the Dungeon)
 p - a +2 cloak (worn)
   (You took it off Maurice on level 9 of the Dungeon)
Jewellery
 h - a ring of see invisible (left hand) {sInv, !d}
   (You found it on level 1 of the Dungeon)
 n - an uncursed ring of magical power {MP+9}
   (You found it on level 4 of the Dungeon)
 r - an uncursed ring of stealth {Stlth+}
   (You found it on level 6 of the Dungeon)
 s - a ring of positive energy (right hand) {rN+}
   (You found it on level 7 of the Dungeon)
Wands
 d - a wand of digging (14)
   (You took it off Ijyb on level 3 of the Dungeon)
 z - a wand of polymorph (18)
   (You found it on level 9 of the Dungeon)
Scrolls
 g - 9 scrolls of identify
 j - 2 scrolls of remove curse
 m - a scroll of fear
 o - 3 scrolls of amnesia
 t - 3 scrolls of fog
 y - a scroll of silence
 C - a scroll of blinking {!r}
Potions
 e - 9 potions of flight
 q - 2 potions of curing
 u - a potion of haste
Comestibles
 a - 4 chunks of flesh {@w0}
 f - 27 rations


   Skills:
 - Level 5.0 Fighting
 - Level 14.3 Axes
 - Level 5.1 Armour
 + Level 4.7 Dodging
 - Level 5.0 Shields


You had 10 spell levels left.
You didn't know any spells.
Your spell library was empty.

Dungeon Overview and Level Annotations

Branches:
Dungeon (11/15)            Temple (0/1) D:6            Lair (1/6) D:9
    Orc: D:9-12

Shops:
D:5 [   D:7 }*(*[   D:8 [

Annotations:
D:9 1 runed door
D:11 Urug


Innate Abilities, Weirdness & Mutations

You have an increased reservoir of magic. (+10% MP)


Message History

Some of the chunks of flesh in your inventory have rotted away.
Key pressed, stopping explore.
Key pressed, stopping explore.
You now have 342 gold pieces (gained 9).
Marking area around the eight-headed hydra as unsafe for travelling.
An eight-headed hydra comes into view.
Unknown command.
Unknown command.
Evoke which item? (* to show all) (? for menu, Esc to quit)
Okay, then.
Evoke which item? (* to show all) (? for menu, Esc to quit)
Aiming: Polymorph
Press: ? - help, Shift-Dir - straight line, f - eight-headed hydra
Aim: an eight-headed hydra (chance to defeat MR: 15%)
The eight-headed hydra resists with almost no effort.
Evoke which item? (* to show all) (? for menu, Esc to quit)
Aiming: Polymorph
Press: ? - help, Shift-Dir - straight line, f/p - eight-headed hydra
Aim: an eight-headed hydra (chance to defeat MR: 15%)
The eight-headed hydra evaporates and reforms as a storm dragon!
The storm dragon breathes lightning at you.
The bolt of lightning misses you.
Unknown command.
Unknown command.
Evoke which item? (* to show all) (? for menu, Esc to quit)
Aiming: Polymorph
Press: ? - help, Shift-Dir - straight line, f/p - storm dragon
Aim: a storm dragon (catching its breath, chance to defeat MR: 1%)
The storm dragon resists with almost no effort.
Evoke which item? (* to show all) (? for menu, Esc to quit)
Aiming: Polymorph
Press: ? - help, Shift-Dir - straight line, f/p - storm dragon
Aim: a storm dragon (catching its breath, chance to defeat MR: 1%)
Okay, then.
Unknown command.
Quiver which item? (- for none, * to show all) (? for menu, Esc to quit)
Okay, then.
You feel yourself speed up.
You feel very mighty all of a sudden. You block the storm dragon's attack.
The storm dragon claws you but does no damage.
The storm dragon completely misses you.
You barely miss the storm dragon.
The storm dragon bites you but does no damage.
You block the storm dragon's attack.
The storm dragon tramples you but does no damage.
You cut the storm dragon into ribbons!!!
The storm dragon is moderately wounded.
You hit the storm dragon but do no damage.
The storm dragon is moderately wounded.
You block the storm dragon's attack. The storm dragon claws you.
The storm dragon tramples you but does no damage.
You closely miss the storm dragon.
The storm dragon is moderately wounded.
The storm dragon barely misses you. The storm dragon claws you.
You block the storm dragon's attack.
You hit the storm dragon.
The storm dragon is moderately wounded.
You slash the storm dragon!
The storm dragon is heavily wounded.
The storm dragon breathes lightning at you.
The bolt of lightning hits you!
You hit the storm dragon.
The storm dragon is heavily wounded.
The storm dragon bites you! You block the storm dragon's attack.
The storm dragon tramples you.
You stumble backwards!
You slice the storm dragon!!
The storm dragon is severely wounded.
The storm dragon bites you but does no damage.
The storm dragon claws you. The storm dragon tramples you.
You stumble backwards!
You slice the storm dragon!!
The storm dragon is almost dead.
You closely miss the storm dragon.
The storm dragon is almost dead.
The storm dragon bites you!
* * * LOW HITPOINT WARNING * * *
You block the storm dragon's attack.
The storm dragon tramples you but does no damage.
You barely miss the storm dragon.
The storm dragon is almost dead.
The storm dragon bites you!
* * * LOW HITPOINT WARNING * * *
The storm dragon barely misses you. You block the storm dragon's attack.
You slash the storm dragon!
The storm dragon is almost dead.
The storm dragon bites you.
* * * LOW HITPOINT WARNING * * *
The storm dragon claws you.
* * * LOW HITPOINT WARNING * * *
You block the storm dragon's attack.
You hit the storm dragon.
The storm dragon is almost dead.
Unknown command.
Unknown command.
Your shield and plate armour prevent you from hitting the storm dragon.
The storm dragon is almost dead.
The storm dragon breathes lightning at you.
The bolt of lightning hits you!
You die...

###### #....##
###.....###
##.........##
#...........#
#...D.......P
##..@.........
###.............
###................
#.................#
#.###.............#
. ###
##............# #.
#P.........(.# #.
###..........# #..
#..........## #.#


You could see a storm dragon.

Vanquished Creatures
  Harold (D:9)
  Erica (D:10)
  Nergalle (D:10)
  Pikel (D:5)
  A deep elf mage (D:8)
  An ugly thing (D:11)
  Maurice (D:9)
  A black mamba (Lair:1)
  2 komodo dragons
  A troll (D:10)
  Prince Ribbit (D:7)
  A hippogriff (D:8)
  A spriggan (D:9)
  4 yaks
  2 wyverns
  A hungry ghost (D:9)
  Menkaure (D:5)
  2 water moccasins
  3 porcupines
  6 ice beasts
  A hornet zombie (D:10)
  4 sky beasts
  5 orc warriors
  A phantom (D:8)
  5 centaurs
  A necrophage (D:9)
  6 ogres
  2 crocodiles
  A big kobold (D:8)
  Blork the orc (D:4)
  11 bullfrogs
  A wyvern skeleton (D:11)
  3 scorpions
  10 killer bees
  4 wights (D:10)
  4 howler monkeys
  2 crimson imps
  3 jellies
  A centaur zombie (D:8)
  7 orc priests
  3 hounds
  4 bullfrog skeletons
  Crazy Yiuf (D:6)
  2 centaur skeletons
  3 iguanas
  Ijyb (D:3)
  10 orc wizards
  9 worker ants
  A killer bee zombie (D:5)
  A hound zombie (D:8)
  A hound skeleton (D:5)
  Robin (D:3)
  4 worker ant zombies
  7 gnolls
  5 adders
  An ooze (D:2)
  An adder zombie (D:5)
  3 adder skeletons
  A worm (D:2)
  3 dart slugs
  5 leopard geckos
  39 orcs
  3 ball pythons
  5 giant cockroaches
  14 goblins
  13 hobgoblins
  15 jackals
  4 quokkas
  A ball python skeleton (D:6)
  5 bats
  4 frilled lizards
  11 kobolds
  A leopard gecko skeleton (D:4)
  A quokka skeleton (D:7)
  11 rats
  A bush (D:7)
  2 fungi
303 creatures vanquished.

Vanquished Creatures (others)
  A leopard gecko (D:5)
  A fungus (Lair:1)
  A plant (Lair:1)
3 creatures vanquished.

Grand Total: 306 creatures vanquished

Notes
Turn   | Place    | Note
-------+----------+-------------------------------------------
     0 | D:1      | Mgcat the Demigod Fighter began the quest for the Orb.
     0 | D:1      | Reached XP level 1. HP: 18/18 MP: 3/3
    17 | D:1      | Reached skill level 2 in Axes
    52 | D:1      | Reached skill level 3 in Fighting
    54 | D:1      | Reached XP level 2. HP: 13/26 MP: 4/4
   532 | D:1      | Reached XP level 3. HP: 31/31 MP: 5/5
   918 | D:2      | Reached skill level 3 in Axes
  1355 | D:3      | Reached XP level 4. HP: 37/40 MP: 6/6
  1489 | D:3      | Reached skill level 4 in Fighting
  1840 | D:3      | Noticed Ijyb
  1854 | D:3      | Noticed Robin
  1884 | D:3      | Killed Ijyb
  1912 | D:3      | Killed Robin
  1912 | D:3      | Reached XP level 5. HP: 30/46 MP: 7/7
  2031 | D:3      | HP: 11/47 [poisoned by a goblin]
  2037 | D:3      | HP: 8/47 [poisoned by a goblin]
  2044 | D:3      | HP: 6/47 [poisoned by a goblin]
  2051 | D:3      | HP: 5/47 [poisoned by a goblin]
  2059 | D:3      | HP: 4/47 [poisoned by a goblin]
  2331 | D:3      | Found a sparkling altar of Nemelex Xobeh.
  2353 | D:3      | Found a radiant altar of Vehumet.
  2786 | D:3      | Reached skill level 4 in Axes
  3024 | D:4      | Reached XP level 6. HP: 35/55 MP: 8/8
  3026 | D:4      | Reached skill level 5 in Fighting
  3038 | D:4      | HP: 14/56 [poisoned by a scorpion]
  3046 | D:4      | HP: 14/56 [poisoned by a scorpion]
  3406 | D:4      | Noticed Blork the orc
  3445 | D:4      | Killed Blork the orc
  3445 | D:4      | Reached skill level 5 in Axes
  3735 | D:4      | Found a hide-covered altar of Uskayaw.
  4104 | D:5      | Entered Level 5 of the Dungeon
  4305 | D:5      | Noticed Menkaure
  4316 | D:5      | Killed Menkaure
  4316 | D:5      | Reached skill level 6 in Axes
  4316 | D:5      | Reached XP level 7. HP: 61/61 MP: 9/9
  4426 | D:5      | Reached skill level 7 in Axes
  4429 | D:5      | Noticed Pikel
  4439 | D:5      | HP: 17/91 [slave[Pikel] (7)]
  4441 | D:5      | HP: 3/61 [orc/+0 dagger (3)]
  4447 | D:5      | HP: 15/61 [slave[Pikel] (7)]
  4450 | D:5      | HP: 7/61 [Pikel/+2 whip of freezing (2)]
  4464 | D:5      | HP: 13/61 [orc wizard/puff of frost (12)]
  4465 | D:5      | HP: 3/61 [orc wizard/puff of flame (10)]
  4791 | D:5      | Found Otietoq's Armour Emporium.
  4821 | D:5      | Killed Pikel
  4821 | D:5      | Reached skill level 8 in Axes
  4821 | D:5      | Reached XP level 8. HP: 62/68 MP: 10/10
  5157 | D:6      | Reached skill level 9 in Axes
  5233 | D:6      | Found a runed door.
  5817 | D:6      | Found a staircase to the Ecumenical Temple.
  5869 | D:6      | Reached skill level 10 in Axes
  6328 | D:6      | Noticed Crazy Yiuf
  6333 | D:6      | Killed Crazy Yiuf
  6487 | D:7      | Found Vuxoavei's Weapon Boutique.
  6505 | D:7      | Found a flagged portal.
  6507 | D:7      | Found Eghiqugi's Assorted Antiques.
  6508 | D:7      | Noticed Prince Ribbit
  6539 | D:7      | HP: 16/68 [Prince Ribbit (8)]
  6563 | D:7      | Killed Prince Ribbit
  6700 | Bailey   | Entered a bailey
  6865 | D:7      | Found Iloaveatt's General Store.
  6873 | D:7      | Bought the +0 pair of boots of the Jolly Dances {rCorr
                  | Str+4} for 306 gold pieces
  6887 | D:7      | Reached XP level 9. HP: 61/74 MP: 11/11
  7004 | D:7      | Reached skill level 11 in Axes
  7190 | D:7      | Noticed a komodo dragon
  7317 | D:7      | Found Ujaorra's Armour Shop.
  7337 | D:7      | HP: 18/74 [komodo dragon (5)]
  7786 | D:8      | Noticed a deep elf mage
  7815 | D:8      | Killed a deep elf mage
  7815 | D:8      | Reached skill level 12 in Axes
  8638 | D:8      | Found Tylinem's Armour Shop.
  8853 | D:9      | Reached XP level 10. HP: 81/81 MP: 13/13
  8908 | D:9      | Found a runed door.
  8917 | D:9      | Noticed Maurice
  8923 | D:9      | Noticed a sixfirhy
  8926 | D:9      | Killed Maurice
  8926 | D:9      | Reached skill level 13 in Axes
  9350 | D:9      | Found a shattered altar of Ashenzari.
  9454 | D:9      | Found a white marble altar of Elyvilon.
  9590 | D:9      | Noticed Harold
  9611 | D:9      | Killed Harold
  9631 | D:9      | Reached skill level 14 in Axes
  9703 | D:9      | Found a staircase to the Lair.
  9796 | D:9      | Got a bloodstained leather armour
 10114 | D:9      | Found a basalt altar of Yredelemnul.
 10293 | D:7      | HP: 19/81 [komodo dragon (3)]
 10300 | D:7      | Found Viabburo's Gadget Boutique.
 10300 | D:7      | HP: 15/81 [bullfrog (4)]
 10308 | D:6      | HP: 13/81 [bullfrog (4)]
 10690 | D:7      | Reached skill level 3 in Armour
 10750 | D:7      | Found a snail-covered altar of Cheibriados.
 11049 | D:10     | Entered Level 10 of the Dungeon
 11056 | D:10     | Noticed Erica
 11078 | D:10     | Killed Erica
 11078 | D:10     | Reached skill level 1 in Dodging
 11078 | D:10     | Reached skill level 3 in Shields
 11358 | D:10     | Reached skill level 4 in Armour
 11672 | D:10     | Reached XP level 11. HP: 85/86 MP: 14/14
 11698 | D:10     | Noticed Nergalle
 11715 | D:10     | Killed Nergalle
 11715 | D:10     | Reached skill level 2 in Dodging
 12346 | D:11     | Noticed an eight-headed hydra
 12378 | D:11     | Reached skill level 5 in Armour
 12378 | D:11     | Reached skill level 4 in Shields
 12467 | D:11     | Reached skill level 3 in Dodging
 12907 | D:11     | Noticed an eight-headed hydra
 13060 | D:11     | Noticed Urug
 13122 | Lair:1   | Entered Level 1 of the Lair of Beasts
 13221 | Lair:1   | Reached skill level 4 in Dodging
 13221 | Lair:1   | Reached skill level 5 in Shields
 13313 | D:7      | Bought a potion of curing for 36 gold pieces
 13984 | Lair:1   | Noticed an eight-headed hydra
 13986 | Lair:1   | Noticed a storm dragon
 13986 | Lair:1   | an eight-headed hydra changed into a storm dragon
 14000 | Lair:1   | HP: 21/86 [storm dragon (10)]
 14002 | Lair:1   | HP: 10/86 [storm dragon (1)]
 14004 | Lair:1   | Killed from afar by a storm dragon

Vault maps used:
D:1:      dpeg_arrival_ratfight, minmay_pentomino_w2
D:3:      vehumet_crystals, nemelex_lonely_heart_becter, uniq_robin, uniq_ijyb
D:4:      kennysheep_mini_moat, first_ration, uniq_blork_the_orc
D:5:      serial_shops, nicolae_shop_crystal, uniq_pikel, uniq_menkaure
D:6:      temple_green, uniq_crazy_yiuf_cottage
D:7:      minmay_the_grid_square_5x5_3x3, marbit_many_paths, serial_shops, shop,
          nicolae_shop_crystal, nicolae_shop_behind_doors, shop, shop,
          enter_bailey_3, kb_lookout_dungeons_type, uniq_prince_ribbit1
D:8:      serial_shops, nicolae_shop_crystal
D:9:      cheibrodos_shockbox, kennysheep_ying_yang, kennysheep_mini,
          grunt_lair_entry_orc_guard_hut, the_bakery, uniq_maurice, uniq_harold
D:10:     chequers_serial_rivers_small_a, eino_small_chamber_without_monster,
          uniq_erica, uniq_nergalle
D:11:     uniq_urug
Lair:1:   gammafunk_ghost_split, grunt_megastairs_4
Bailey:   bailey_axe_of_yendor_kennysheep, bailey

Skill      XL: |  1  2  3  4  5  6  7  8  9 10 11 |
---------------+----------------------------------+-----
Axes           | 2 3 4 6 8 10 12 14 | 14.3
Fighting       | 3 4 5 |  5.0
Armour         | 4 5 |  5.1
Dodging        | 1 4 |  4.7
Shields        | 3 5 |  5.0

Action                   |  1- 3 |  4- 6 |  7- 9 | 10-12 || total
-------------------------+-------+-------+-------+-------++-------
Melee: War axe           |   222 |   413 |   287 |       ||   922
       Broad axe         |       |       |   172 |   504 ||   676
Throw: Javelin           |       |     4 |     8 |       ||    12
       Tomahawk          |       |       |     7 |       ||     7
Evoke: Wand              |       |       |     1 |    16 ||    17
  Use: Scroll            |     3 |     5 |     7 |     2 ||    17
       Potion            |       |     1 |    12 |     3 ||    16
 Stab: Paralysed         |       |       |       |    12 ||    12
  Eat: Chunk             |     2 |    10 |    15 |    18 ||    45
       Ration            |       |       |       |     1 ||     1
Armor: Scale mail        |    20 |       |       |       ||    20
       Plate armour      |   141 |   280 |   292 |   256 ||   969
       Skin              |       |       |     3 |       ||     3
Dodge: Dodged            |    44 |    54 |    71 |    78 ||   247
Block: Shield            |   135 |   205 |   204 |   203 ||   747

Table legend:
 A = Non-vault XP
 B = Vault XP
 C = Vault XP percentage of total XP
 D = Non-vault monster count
 E = Vault monster count
 F = Vault count percentage of total count
                 A         B        C        D         E       F
            +---------+---------+-------+---------+---------+-------
      Total |   11068 |    7226 |  39.5 |     247 |      52 |  17.4
            +---------+---------+-------+---------+---------+-------
        D:1 |      45 |       6 |  11.8 |      26 |       6 |  18.8
        D:2 |      70 |       0 |   0.0 |      19 |       0 |   0.0
        D:3 |     117 |      66 |  36.1 |      24 |       9 |  27.3
        D:4 |     345 |      96 |  21.8 |      22 |       1 |   4.3
        D:5 |     410 |     812 |  66.4 |      15 |       2 |  11.8
        D:6 |     909 |     128 |  12.3 |      24 |       2 |   7.7
        D:7 |     583 |    1326 |  69.5 |      12 |      20 |  62.5
        D:8 |    2115 |       0 |   0.0 |      31 |       0 |   0.0
        D:9 |    1905 |    2184 |  53.4 |      23 |       7 |  23.3
       D:10 |    1816 |    1731 |  48.8 |      20 |       2 |   9.1
       D:11 |    2232 |       0 |   0.0 |      27 |       0 |   0.0
     Lair:1 |     521 |     877 |  62.7 |       4 |       3 |  42.9
            +---------+---------+-------+---------+---------+-------

Vault maps used:
D:1:      dpeg_arrival_ratfight, minmay_pentomino_w2
D:3:      vehumet_crystals, nemelex_lonely_heart_becter, uniq_robin, uniq_ijyb
D:4:      kennysheep_mini_moat, first_ration, uniq_blork_the_orc
D:5:      serial_shops, nicolae_shop_crystal, uniq_pikel, uniq_menkaure
D:6:      temple_green, uniq_crazy_yiuf_cottage
D:7:      minmay_the_grid_square_5x5_3x3, marbit_many_paths, serial_shops, shop,
          nicolae_shop_crystal, nicolae_shop_behind_doors, shop, shop,
          enter_bailey_3, kb_lookout_dungeons_type, uniq_prince_ribbit1
D:8:      serial_shops, nicolae_shop_crystal
D:9:      cheibrodos_shockbox, kennysheep_ying_yang, kennysheep_mini,
          grunt_lair_entry_orc_guard_hut, the_bakery, uniq_maurice, uniq_harold
D:10:     chequers_serial_rivers_small_a, eino_small_chamber_without_monster,
          uniq_erica, uniq_nergalle
D:11:     uniq_urug
Lair:1:   gammafunk_ghost_split, grunt_megastairs_4
Bailey:   bailey_axe_of_yendor_kennysheep, bailey

Table legend:
 A = Turns spent in this place as a percentage of turns spent in the entire game.
 B = Non-inter-level travel turns spent in this place as a percentage of non-inter-level travel turns spent in the entire game.
 C = Inter-level travel turns spent in this place as a percentage of turns spent in this place.
 D = Turns resting spent in this place as a percentage of non-inter-level travel turns spent in this place.
 E = Turns spent auto-exploring this place as a percentage of non-inter-level travel turns spent in this place.
 F = Non-inter-level travel turns spent in this place divided by the number of levels of this place that you've seen.
                   A       B       C       D       E      F
               +-------+-------+-------+-------+-------+----------------------
         Total | 100.0 | 100.0 |   6.3 |   6.3 |  71.1 | 1009.5
       Dungeon |  94.2 |  94.2 |   6.3 |   6.6 |  70.9 | 1123.7
          Lair |   5.6 |   5.6 |   6.2 |   0.3 |  75.8 | 731.0
        Bailey |   0.2 |   0.2 |   0.0 |  19.4 |  45.2 |  31.0
               +-------+-------+-------+-------+-------+----------------------

Table legend:
 A = Kills in this place as a percentage of kills in entire the game.
 B = Kills by you in this place as a percentage of kills by you in the entire game.
 C = Kills by friends in this place as a percentage of kills by friends in the entire game.
 D = Other kills in this place as a percentage of other kills in the entire game.
 E = Experience gained in this place as a percentage of experience gained in the entire game.
 F = Experience gained in this place divided by the number of levels of this place that you have seen.
                   A       B       C       D       E      F
               +-------+-------+-------+-------+-------+----------------------
         Total | 100.0 | 100.0 |   N/A |   N/A | 100.0 | 1407.2
       Dungeon |  97.7 |  97.7 |   N/A |   N/A |  92.4 | 1536.0
          Lair |   2.3 |   2.3 |   N/A |   N/A |   7.6 | 1398.0
               +-------+-------+-------+-------+-------+----------------------
